 Dungeon Crawl Stone Soup version 0.28-a0-726-g4a9143789a (webtiles) character file.

Game seed: 7516650237348835793

5306 flotson the Skirmisher (level 10, -29/79 HPs)
             Began as a Demonspawn Delver on Oct 27, 2021.
             Was an Initiate of Gozag.
             Annihilated by a boulder beetle (59 damage)
             ... on level 8 of the Dungeon.
             The game lasted 00:18:31 (12591 turns).

flotson the Skirmisher (Demonspawn Delver)         Turns: 12591, Time: 00:18:32

Health: -29/79     AC:  9    Str: 16    XL:     10   Next: 37%
Magic:  10/10      EV: 13    Int: 12    God:    Gozag
Gold:   904        SH:  6    Dex: 14    Spells: 9/9 levels left

rFire   + . .      SeeInvis .   a - +8 autumn katana {vorpal, Clar}
rCold   + . .      Faith    .   (no shield)
rNeg    . . .      Spirit   .   l - +2 ring mail {rPois}
rPois   +          Reflect  .   q - +0 helmet
rElec   .          Harm     .   t - scarf {rC+ rF+}
rCorr   .          Rampage  .   (no gloves)
Will    .....      Clarity  +   (no boots)
Stlth   ++........              (no amulet)
HPRegen 0.23/turn               (no ring)
MPRegen 0.12/turn               (no ring)

@: no status effects
A: hooves 2, large bone plates 2, demonic magic 2
a: Renounce Religion, Potion Petition, Call Merchant, Bribe Branch


You were on level 8 of the Dungeon.
You worshipped Gozag.
Gozag was pleased with you.
You visited 2 branches of the dungeon, and saw 10 of its levels.

You collected 1113 gold pieces.
You spent 138 gold pieces at shops.
You paid 71 gold pieces to Gozag.

Inventory:

Hand Weapons
 a - the +8 autumn katana (weapon) {vorpal, Clar}
   (You found it on level 7 of the Dungeon)

   It inflicts extra damage upon your enemies.
   Clar:      It protects you against confusion.
 b - the +3 hand axe of Emiaqigg {flame, rElec rPois}
   (You found it on level 5 of the Dungeon)

   It burns those it strikes, dealing additional fire damage.
   Big, fiery blades are also staple armaments of hydra-hunters.
   rElec:     It insulates you from electricity.
   rPois:     It protects you from poison.
Missiles
 D - an atropa-tipped dart
 E - 4 throwing nets
 F - 23 poisoned darts
 J - 12 javelins (quivered)
Armour
 l - a +2 ring mail of poison resistance (worn)
 q - a +0 helmet (worn)
 t - a scarf of resistance (worn)
 H - a +2 ring mail of cold resistance
Jewellery
 s - a ring of ice
 v - a +4 ring of slaying
 L - a ring of protection from fire
Wands
 g - a wand of digging (2)
 h - a wand of flame (45)
 y - a wand of polymorph (7)
 G - a wand of acid (16)
 I - a wand of mindburst (11)
Scrolls
 c - a scroll of fog
 d - a scroll of magic mapping
 i - a scroll of summoning {unknown}
 j - 5 scrolls of teleportation {unknown}
 n - 6 scrolls of enchant armour {unknown}
 o - 2 scrolls of enchant weapon {unknown}
 r - a scroll of torment {unknown}
 w - 15 scrolls of identify {unknown}
 A - a scroll of vulnerability {unknown}
 C - 3 scrolls of blinking {unknown}
Potions
 e - 3 potions of brilliance {unknown}
 f - 3 potions of might {unknown}
 k - 2 potions of lignification {unknown}
 m - a potion of attraction {unknown}
 p - a potion of flight {unknown}
 u - 2 potions of ambrosia {unknown}
 x - 4 potions of curing {unknown}
 z - 2 potions of mutation {unknown}
 B - 4 potions of heal wounds {unknown}


   Skills:
 + Level 7.1 Fighting
 * Level 4.2 Long Blades
 - Level 5.1 Axes
 + Level 5.6 Throwing
 + Level 5.6 Armour
 + Level 6.0 Dodging
 - Level 4.5 Stealth
 + Level 4.9 Evocations


You had 9 spell levels left.
You didn't know any spells.
Your spell library contained the following spells:

 Spells                   Type           Power      Damage    Failure   Level
 Magic Dart               Conj           0%         1d3       52%         1
 Pain                     Necr           0%         1d4       52%         1
 Sandblast                Erth           0%         2d4       52%         1
 Shock                    Conj/Air       0%         1d3       52%         1
 Passwall                 Tmut/Erth      0%         N/A       65%         2
 Scorch                   Fire           0%         2d5       65%         2
 Searing Ray              Conj           0%         2d4       65%         2
 Stone Arrow              Conj/Erth      0%         3d7       87%         3
 Swiftness                Air            0%         N/A       87%         3
 Airstrike                Air            0%         N/A       99%         4
 Flame Wave               Conj/Fire      0%         3d3       99%         4
 Fulminant Prism          Conj/Hex       0%         3d6       99%         4
 Agony                    Necr           0%         N/A       100%        5
 Excruciating Wounds      Necr           0%         N/A       100%        5
 Invisibility             Hex            0%         N/A       100%        6
 Summon Cactus Giant      Summ           0%         N/A       100%        6


Dungeon Overview and Level Annotations

Branches:
Dungeon (9/15)             Temple (1/1) D:5
   Lair: D:8-11         Orc: D:9-12

Altars:
Ashenzari
Dithmenos
Elyvilon
Fedhas
Gozag
Hepliaklqana
Makhleb
Okawaru
Sif Muna
Trog
Xom
Yredelemnul
Zin
The Shining One

Shops:
D:6 (


Innate Abilities, Weirdness & Mutations

You have hoof-like feet.
You are mostly covered in large bone plates. (SH +6)
Spells you cast may paralyse nearby enemies.


Message History

The boulder beetle bites you!!
Throw: dart (curare)
Press: ? - help, Q - select action, (/) - cycle Shift-Dir - straight line, f - boulder beetle
Aim: a boulder beetle (lightly wounded, 90% to hit)
You throw a curare-tipped dart.
The curare-tipped dart hits the boulder beetle.
The boulder beetle is poisoned.
The boulder beetle convulses.
The boulder beetle seems to slow down.
The boulder beetle is moderately wounded.
The boulder beetle is no longer moving slowly.
Throw: 15 javelins
Press: ? - help, Q - select action, (/) - cycle Shift-Dir - straight line, f/p - boulder beetle
Aim: a boulder beetle (heavily wounded, poisoned, 90% to hit)
You throw a javelin.
The javelin pierces through the boulder beetle but does no damage.
The boulder beetle is heavily wounded.
Throw: 14 javelins
Press: ? - help, Q - select action, (/) - cycle Shift-Dir - straight line, f/p - boulder beetle
Aim: a boulder beetle (heavily wounded, poisoned, 90% to hit)
You throw a javelin.
The javelin pierces through the boulder beetle.
The boulder beetle is heavily wounded.
The boulder beetle looks more healthy.
You hit the boulder beetle. You kick the boulder beetle.
The boulder beetle is heavily wounded.
The boulder beetle bites you!
The boulder beetle curls into a ball and begins rolling!
The boulder beetle barely misses you.
The boulder beetle stops rolling and uncurls.
Throw: 13 javelins
Press: ? - help, Q - select action, (/) - cycle Shift-Dir - straight line, f/p - boulder beetle
Aim: a boulder beetle (heavily wounded, 90% to hit)
You throw a javelin.
The javelin pierces through the boulder beetle but does no damage.
The boulder beetle is heavily wounded.
The boulder beetle curls into a ball and begins rolling!
The boulder beetle hits you!!!
Ouch! That really hurt!
You die...
Your body crumbles into a pile of gold.

...............................#.
...............................##
#'######..........#######'##'#...
.......#..........'.....#....#...
.......#..........#.....#....#...
..###..#..........#.....#....#...
..###..#######....#.....#....+...
.........#...#...[#######.##.#...
.........#...#..@......#####.##..
.........#...'..B......#......'..
..##.....##..#..○......+......#..
..####'####..#...°.....##+#####..
..#.<........##+##.....#..##.....
..#..........#...#.....'...#.....
####.........#...'.....#...#.....
...#<........#####.....#####.....
...########..##..##.(.........#'#


You could see a boulder beetle (rolling).

Vanquished Creatures
  Pikel (D:6)
  Psyche (D:8)
  Grinder (D:6)
  4 yaks (D:8)
  Edmund (D:6)
  Menkaure (D:4)
  Duvessa (D:6)
  A water moccasin (D:7)
  An orc warrior (D:8)
  4 ice beasts
  A black bear (D:7)
  2 sky beasts (D:6)
  3 ogres
  3 centaurs
  A lemure (D:7)
  A phantom (D:6)
  A kobold brigand (D:8)
  3 bullfrogs
  A wyvern zombie (D:8)
  Dowan (D:6)
  2 scorpions (D:5)
  A wyvern skeleton (D:5)
  6 killer bees (D:7)
  2 howler monkeys (D:8)
  5 wights (D:7)
  A centaur zombie (D:8)
  A hound (D:3)
  2 centaur skeletons
  2 bullfrog skeletons
  7 orc priests
  6 iguanas
  Natasha (thrice) (D:4)
  6 orc wizards
  A killer bee zombie (D:5)
  A gnoll (D:3)
  5 adders
  2 shadow imps
  An ufetubus (D:4)
  2 adder skeletons (D:4)
  5 worms
  7 dart slugs
  23 orcs
  14 ball pythons
  8 endoplasms
  4 giant cockroaches
  8 goblins
  5 hobgoblins
  A jackal (D:3)
  6 quokkas
  3 training dummies (D:6)
  6 bats
  4 frilled lizards
  14 kobolds
  10 rats
  A butterfly (D:5)
208 creatures vanquished.

Notes
Turn   | Place    | Note
-------+----------+-------------------------------------------
     0 | D:5      | flotson the Demonspawn Delver began the quest for the Orb.
     0 | D:5      | Reached XP level 1. HP: 18/18 MP: 1/1
     2 | D:5      | Noticed an ogre
   191 | D:3      | Gained mutation: Spells you cast may paralyse adjacent
                  | enemies. [demonic ancestry]
   191 | D:3      | Reached XP level 2. HP: 23/24 MP: 2/2
   729 | D:1      | Gained mutation: You have large cloven feet. [demonic
                  | ancestry]
   729 | D:1      | Reached XP level 3. HP: 26/29 MP: 3/3
  1169 | D:1      | Reached skill level 1 in Throwing
  1169 | D:1      | Reached skill level 1 in Armour
  1493 | D:2      | Found a bloodstained altar of Trog.
  1823 | D:2      | Reached XP level 4. HP: 32/35 MP: 4/4
  2424 | D:2      | Found a faded altar of an unknown god.
  3025 | D:3      | Reached XP level 5. HP: 18/42 MP: 5/5
  4409 | D:4      | Noticed Natasha
  4418 | D:4      | Killed Natasha
  4419 | D:4      | Reached skill level 4 in Fighting
  4618 | D:4      | Noticed an ogre
  4628 | D:4      | Noticed Menkaure
  5109 | D:4      | Gained mutation: You have hoof-like feet. [demonic
                  | ancestry]
  5109 | D:4      | Reached XP level 6. HP: 48/48 MP: 6/6
  5223 | D:4      | Noticed Natasha
  5235 | D:4      | Killed Natasha
  5241 | D:4      | Noticed Natasha
  5248 | D:4      | Killed Natasha
  5595 | D:4      | Killed Menkaure
  6149 | D:4      | Gained mutation: Spells you cast may paralyse nearby
                  | enemies. [demonic ancestry]
  6149 | D:4      | Reached XP level 7. HP: 55/55 MP: 7/7
  7318 | D:5      | Found a staircase to the Ecumenical Temple.
  7328 | Temple   | Entered the Ecumenical Temple
  7335 | Temple   | Became a worshipper of Gozag Ym Sagoz the Greedy
  7651 | D:5      | Identified the +3 hand axe of Emiaqigg {flame, rElec rPois}
  7984 | D:5      | Reached skill level 5 in Fighting
  7984 | D:5      | Reached skill level 1 in Evocations
  8226 | D:6      | Found Kurch's Firing Range.
  8231 | D:6      | Noticed Edmund
  8262 | D:6      | Bought 6 javelins for 48 gold pieces
  8262 | D:6      | Bought a throwing net for 30 gold pieces
  8262 | D:6      | Bought 2 throwing nets for 60 gold pieces
  8273 | D:5      | Gained mutation: You are partially covered in large bone
                  | plates. (SH +4) [demonic ancestry]
  8273 | D:5      | Reached XP level 8. HP: 62/62 MP: 8/8
  8350 | D:6      | Noticed Grinder
  8402 | D:6      | Killed Grinder
  8505 | D:6      | Noticed Duvessa
  8507 | D:6      | Noticed Dowan
  8531 | D:6      | Killed Duvessa
  8540 | D:6      | Killed Dowan
  8879 | D:6      | Killed Edmund
  9260 | D:6      | Reached XP level 9. HP: 69/69 MP: 9/9
  9313 | D:6      | Found a shimmering blue altar of Sif Muna.
  9439 | D:6      | Reached skill level 6 in Fighting
  9446 | D:6      | Reached skill level 5 in Dodging
  9747 | D:7      | Reached skill level 5 in Axes
 10022 | D:7      | Found the +8 autumn katana {vorpal, Clar}
 10214 | D:7      | Noticed Pikel
 10234 | D:6      | Killed Pikel
 10235 | D:6      | Reached skill level 1 in Long Blades
 10362 | D:7      | Reached skill level 5 in Throwing
 10362 | D:7      | Reached skill level 5 in Armour
 11118 | D:7      | Gained mutation: You are mostly covered in large bone
                  | plates. (SH +6) [demonic ancestry]
 11118 | D:7      | Reached XP level 10. HP: 13/77 MP: 10/10
 12085 | D:8      | Reached skill level 7 in Fighting
 12275 | D:8      | Noticed Psyche
 12284 | D:8      | Killed Psyche
 12562 | D:9      | Noticed a boulder beetle
 12591 | D:8      | Annihilated by a boulder beetle

Illustrated notes

Levels and vault maps discovered:
D:1:      heliophobic_arrival_henge, layout_basic
D:2:      minmay_thinvault, layout_rooms, dilly_ecumenical_altar_fadedgnrine,
          basic_altar
D:3:      wad_river_or_something, layout_basic, serial_glass, glass_columns_b,
          glass_columns_c, glass_columns_a, glass_columns_c, glass_columns_a,
          glass_columns_a, item_on_display_a, feat_on_display, item_on_display_a
D:4:      layout_layer_cave, uniq_natasha, uniq_menkaure
D:5:      layout_loops_ring, minmay_temple_entry_butterflies
D:6:      layout_rooms, lemuel_blue_sif_altar, roderic_st_hans_cross,
          nicolae_shop_firing_range, uniq_grinder, uniq_edmund, uniq_duvessa
D:7:      cheibrodos_quashed, layout_basic, grunt_ministairs_14, uniq_pikel
D:8:      layout_gridville, uniq_psyche
D:9:      cheibrodos_barr_body, layout_cave_pools,
          kennysheep_orc_monster_closet_entryway, minmay_puff
Temple:   dpeg_three_leaves_temple

Skill      XL: |  1  2  3  4  5  6  7  8  9 10 |
---------------+-------------------------------+-----
Axes           | 2 3 4 5 |  5.1
Dodging        | 2 3 4 5 6 |  6.0
Throwing       | 1 2 3 4 5 |  5.6
Armour         | 1 2 3 4 5 |  5.6
Fighting       | 4 5 6 7 |  7.1
Evocations     | 1 3 4 |  4.9
Long Blades    | 3 4 |  4.2
Stealth        | |  4.5

Action                   |  1- 3 |  4- 6 |  7- 9 | 10-12 || total
-------------------------+-------+-------+-------+-------++-------
Melee: Hand axe          |   138 |    60 |    64 |       ||   262
       Kick              |    16 |    36 |    50 |    18 ||   120
       War axe           |       |    46 |       |       ||    46
       Great sword       |       |    61 |    34 |       ||    95
       Dire flail        |       |       |    64 |       ||    64
       Katana            |       |       |    76 |    69 ||   145
Throw: Dart              |       |    13 |     7 |     3 ||    23
       Javelin           |       |       |    22 |     5 ||    27
Evoke: Wand              |     1 |       |       |       ||     1
  Use: Scroll            |     1 |       |       |       ||     1
       Potion            |       |     1 |       |       ||     1
 Stab: Sleeping          |     4 |    10 |     3 |     2 ||    19
       Distracted        |       |       |       |     1 ||     1
Armor: Scale mail        |    29 |       |       |       ||    29
       Leather armour    |     1 |       |       |       ||     1
       Ring mail         |    16 |    71 |   104 |    13 ||   204
Dodge: Dodged            |    78 |   104 |   168 |    29 ||   379
Block: Other             |       |       |    32 |    17 ||    49

Table legend: (Time is in decaauts)
 A = Elapsed time spent in this place.
 B = Non-inter-level travel time spent in this place.
 C = Inter-level travel time spent in this place.
 D = Time resting spent in this place.
 E = Time spent auto-exploring this place.
 F = Levels seen in this place.
 G = Mean time per level.
                   A        B        C        D        E       F      G
               +--------+--------+--------+--------+--------+-----+--------+
         Total |  12738 |  12365 |    373 |    902 |   9354 |  10 | 1273.8 |
       Dungeon |  12724 |  12358 |    366 |    902 |   9354 |   9 | 1413.8 |
        Temple |     14 |      7 |      7 |      0 |      0 |   1 |   14.0 |
               +--------+--------+--------+--------+--------+-----+--------+

Top non-repeatable levels by time:
     D:4: 2553 daAuts
     D:3: 2052 daAuts
     D:7: 1786 daAuts
     D:2: 1701 daAuts
     D:6: 1525 daAuts
     D:8: 1055 daAuts
     D:1: 1032 daAuts
     D:5: 1005 daAuts
  Temple: 14 daAuts
     D:9: 11 daAuts
